 Dungeon Crawl Stone Soup version 0.31-a0-4-gefa6de2278 (webtiles) character file.

Game seed: 5387464562744791675

208022 hwolsky the Sorcerer (level 18, 102/102 HPs) *EXPLORE*
             Began as a Deep Elf Earth Elementalist on May 1, 2023.
             Was an Elder of Sif Muna.
             Quit the game on level 2 of the Shoals on May 3, 2023.
             The game lasted 02:57:19 (32907 turns).

hwolsky the Sorcerer (Deep Elf Earth Elementalist) Turns: 32907, Time: 02:57:19

Health: 102/102    AC: 11    Str:  5    XL:     18   Next: 11%
Magic:  18/46      EV: 24    Int: 35    God:    Sif Muna [****..]
Gold:   1893       SH:  0    Dex: 18    Spells: 9/62 levels left

rFire   + + .        T - staff of earth
rCold   . . .        (no shield)
rNeg    . . .        h - +2 robe {rF+}
rPois   .            P - +0 helmet of the Minstrel {rF+}
rElec   .            K - +1 cloak of Starlight {*Dazzle EV+4 Stlth--}
rCorr   .            O - +1 pair of gloves
SInv    .            N - +0 pair of boots
Will    +....        w - amulet of magic regeneration
Stlth   +++          q - +6 ring of intelligence
HPRegen 0.37/turn    S - ring of Qiufauf {Fly Dex+3 Stlth+}
MPRegen 0.70/turn

%: no passive effects
@: quite poisoned (102 -> 56), flying
A: robust 2, shaggy fur 1
}: 1/15 runes: serpentine
a: Renounce Religion, Channel Magic, Forget Spell, Divine Exegesis


You were on level 2 of the Shoals.
You worshipped Sif Muna.
Sif Muna was greatly pleased with you.
You visited 6 branches of the dungeon, and saw 28 of its levels.
You visited 2 bazaars.
You also visited: Gauntlet and Volcano.

You collected 3882 gold pieces.
You spent 1989 gold pieces at shops.

Inventory:

Hand Weapons
 Q - the +7 rapier "Quqyic" {pain, rElec rC+ Str-3 Dex+2}
   (You took it off a minotaur in a Gauntlet)

   Str:       It affects your strength (-3).
   Dex:       It affects your dexterity (+2).
   rC:        It protects you from cold.
   rElec:     It insulates you from electricity.
Missiles
 g - 3 throwing nets
Armour
 h - a +2 robe of fire resistance (worn)
 C - the -2 hat of the Alchemist {rElec rPois rF+ rC+ rN+ Will+ rMut rCorr}
   (You found it in a Gauntlet)

   rF:        It protects you from fire.
   rC:        It protects you from cold.
   rElec:     It insulates you from electricity.
   rPois:     It protects you from poison.
   rN:        It protects you from negative energy.
   rCorr:     It protects you from acid and corrosion.
   rMut:      It protects you from mutation.
   Will:      It increases your willpower.
 K - the +1 cloak of Starlight (worn) {*Dazzle EV+4 Stlth--}
   (You found it on level 4 of the Snake Pit)

   *Dazzle:   It may blind those who miss an attack against the wearer in melee
   combat.
   EV:        It affects your evasion (+4).
   Stlth:     It makes you much less stealthy.
 N - a +0 pair of boots (worn)
 O - a +1 pair of gloves (worn)
 P - the +0 helmet of the Minstrel (worn) {rF+}
   (You bought it in a shop in a bazaar)

   rF:        It protects you from fire.
Magical Staves
 T - a staff of earth (weapon)
Jewellery
 q - a +6 ring of intelligence (left hand)
 u - a ring of protection from cold
 w - an amulet of magic regeneration (around neck)
 B - a ring of protection from fire
 E - an amulet of regeneration
 J - the ring "Ecin" {Will+ SInv}
   (You took it off a minotaur in a Gauntlet)

   [ring of willpower]

   SInv:      It lets you see invisible.
   Will:      It increases your willpower.
 L - a ring of flight
 S - the ring of Qiufauf (right hand) {Fly Dex+3 Stlth+}
   (You found it in a Gauntlet)

   [ring of flight]

   Dex:       It affects your dexterity (+3).
   Fly:       It grants you flight.
   Stlth:     It makes you more stealthy.
Wands
 p - a wand of digging (14)
Scrolls
 a - 5 scrolls of fog
 c - 4 scrolls of magic mapping
 i - a scroll of summoning
 k - 8 scrolls of poison
 l - 2 scrolls of brand weapon
 m - 7 scrolls of teleportation
 t - 5 scrolls of silence
 x - 2 scrolls of enchant weapon
 y - 4 scrolls of fear
 z - 2 scrolls of enchant armour
 G - 5 scrolls of amnesia
 I - a scroll of identify
 V - 3 scrolls of immolation
Potions
 b - 4 potions of ambrosia
 d - a potion of cancellation
 e - 6 potions of mutation
 f - 5 potions of might
 n - 14 potions of curing
 o - 6 potions of heal wounds
 s - 3 potions of lignification
 v - a potion of flight
 A - 2 potions of haste
 D - a potion of berserk rage
 F - 6 potions of brilliance
 X - 2 potions of invisibility
 Y - 2 potions of attraction
Miscellaneous
 j - a condenser vane
 r - a box of beasts
 H - a piece from Xom's chessboard (15/15)
 M - a lightning rod (4/4)


   Skills:
 - Level 4.2 Staves
 - Level 12.9 Dodging
 - Level 9.2 Stealth
 * Level 22.8 Spellcasting
 + Level 15.1 Conjurations
 - Level 6.8 Transmutations
 - Level 4.1 Fire Magic
 - Level 4.1 Ice Magic
 * Level 10.3 Air Magic
 - Level 14.8 Earth Magic
 - Level 7.0 Invocations


You had 9 spell levels left.
You knew the following spells:

 Your Spells              Type           Power      Damage    Failure   Level
a - Sandblast             Erth           100%       2d20      0%          1
b - Stone Arrow           Conj/Erth      100%       3d13      0%          3
c - Passwall              Tmut/Erth      90%        N/A       0%          2
d - Petrify               Tmut/Erth      100%       N/A       1%          4
e - Ignite Poison         Fire/Tmut/Pois 60%        N/A       1%          3
f - Iron Shot             Conj/Erth      60%        9d11      1%          6
g - Iskenderun's Battles  Conj           98%        2d14      1%          5
h - Freezing Cloud        Conj/Ice/Air   41%        6-21      1%          5
i - Yara's Violent Unrav  Hex/Tmut       29%        3d12      4%          5
j - Irradiate             Conj/Tmut      43%        3d26      1%          5
k - Arcjolt               Conj/Air       46%        1d56      1%          5
l - Chain Lightning       Conj/Air       46%        3d61      98%         9

Your spell library contained the following spells:

 Spells                   Type           Power      Damage    Failure   Level
 Magic Dart               Conj           100%       1d8       0%          1
 Static Discharge         Conj/Air       100%       2-7/arc   0%          2
 Kiss of Death            Conj/Necr      100%       2d13      1%          1
 Necrotise                Necr           100%       1d9       1%          1
 Call Imp                 Summ           80%        N/A       1%          2
 Cigotuvi's Dreadful Rot  Necr/Pois/Air  100%       N/A       1%          2
 Poisonous Vapours        Pois/Air       100%       N/A       1%          2
 Wereblood                Tmut           73%        N/A       1%          2
 Confusing Touch          Hex            40%        N/A       1%          3
 Hailstorm                Conj/Ice       82%        3d17      1%          3
 Inner Flame              Hex/Fire       53%        N/A       1%          3
 Mephitic Cloud           Conj/Pois/Air  79%        N/A       1%          3
 Portal Projectile        Hex/Tloc       80%        N/A       1%          3
 Tukima's Dance           Hex            40%        N/A       1%          3
 Vampiric Draining        Necr           40%        2d8       1%          3
 Vhi's Electric Charge    Tloc/Air       100%       N/A       1%          3
 Airstrike                Air            42%        2d(7-23)  1%          4
 Animate Armour           Summ/Erth      100%       N/A       1%          4
 Ice Form                 Ice/Tmut       68%        N/A       1%          4
 Leda's Liquefaction      Hex/Erth       47%        N/A       1%          4
 Summon Lightning Spire   Summ/Air       66%        N/A       1%          4
 Blade Hands              Tmut           36%        N/A       1%          5
 Borgnjor's Vile Clutch   Necr/Erth      47%        N/A       1%          5
 Conjure Ball Lightning   Conj/Air       46%        3x3d16    1%          6
 Statue Form              Tmut/Erth      72%        N/A       1%          6
 Summon Ice Beast         Ice/Summ       53%        N/A       2%          4
 Plasma Beam              Fire/Air       37%        2x1d55    5%          6
 Animate Dead             Necr           40%        N/A       7%          4
 Cause Fear               Hex            20%        N/A       7%          4
 Dispel Undead            Necr           40%        3d16      7%          4
 Metabolic Englaciation   Hex/Ice        26%        N/A       8%          5
 Lehudib's Crystal Spear  Conj/Erth      60%        10d14     10%         8
 Storm Form               Tmut/Air       39%        N/A       17%         7
 Agony                    Necr           40%        N/A       19%         5
 Spellforged Servitor     Conj/Summ      37%        N/A       26%         7
 Dragon Form              Tmut           36%        N/A       34%         7
 Death Channel            Necr           20%        N/A       71%         6
 Ozocubu's Refrigeration  Ice            31%        4d14      71%         7
 Shatter                  Erth           60%        3d45*     83%         9
 Enfeeble                 Hex            20%        N/A       99%         7
 Malign Gateway           Summ/Tloc      20%        N/A       99%         7
 Discord                  Hex            20%        N/A       100%        8
 Necromutation            Tmut/Necr      29%        N/A       100%        8
 Fire Storm               Conj/Fire      41%        8d10      100%        9


Dungeon Overview and Level Annotations

Branches:
Dungeon (14/15)            Temple (1/1) D:7            Lair (5/5) D:9
 Shoals (2/4) Lair:2        Snake (4/4) Lair:2        Slime (0/5) Lair:5
    Orc (2/2) D:10            Elf (0/3) Orc:2        Vaults (0/5) D:14
Volcano (visited)         Gauntlet (visited)

Altars:
Ashenzari
Cheibriados
Dithmenos
Elyvilon
Fedhas
Gozag
Hepliaklqana
Kikubaaqudgha
Makhleb
Nemelex Xobeh
Okawaru
Qazlal
Ru
Sif Muna
Trog
Uskayaw
Vehumet
Wu Jian
Xom
Yredelemnul
Zin
The Shining One

Shops:
D:2 (   D:8 *   D:10 (   Orc:2 ![*[   Snake:1 [*   Snake:4 ?

Annotations:
Shoals:2 Polyphemus


Innate Abilities, Weirdness & Mutations

You are very robust. (+20% HP)
You are covered in fur. (AC +1)


Message History

The merfolk hits you from afar with a +2 trident of venom!
The death yak gores you.
You are engulfed in calcifying dust.
The catoblepas gores you but does no damage.
The merfolk hits you from afar with a +2 trident of venom.
The death yak gores you! The catoblepas gores you.
The merfolk hits you from afar with a +2 trident of venom!!
The death yak gores you!
You turn to flesh and can move again.
The catoblepas gores you.
The merfolk hits you from afar with a +2 trident of venom!!!
* * * LOW HITPOINT WARNING * * *
You are lethally poisoned!
The death yak misses you.
Unknown command.
* * * LOW HITPOINT WARNING * * *
You feel extremely sick. The catoblepas gores you!!
Die?
Thought so.
The merfolk barely misses you. The death yak barely misses you.
Polyphemus throws a large rock.
The large rock closely misses you.
Unknown command.
Unknown command.
Unknown command.
Unknown command.
Unknown command.
Unknown command.
Unknown command.
Unknown command.
Unknown command.
Unknown command.
Cast which spell? (? or * to list)
Okay, then.
Unknown command.
Okay, then.
Unknown command.
Unknown command.
Unknown command.
Are you sure you want to abandon this character and quit the game? (Confirm with "yes".)

~≈≈≈ ~~~~ ~.#...≈~≈.~..≈.
~~~~ ..#......≈...~~. ≈~~~
.....≈.....~.~..~ ~~≈~
.....≈....<≈....~ ~~≈~
.....≈~..~....≈.≈~ ~~≈~
#.~≈~..C...~..~~
~~~~......~#...Y≈≈..~.~..~~
~~~~.......#.~$~@Y....~..~~
~~~~~......#≈~.$~Ym....≈?~~
~~~~~~.....##≈...........~≈
~~~~~~~...~~##≈.~...~.≈.~XX
≈≈≈~~~~~~~~~~#####~.$#######≈
≈≈≈~~~~~~~~~~~~~~~.....≈≈≈≈≈≈
≈≈≈≈~~~~~~~~~~~~(~..~≈≈≈≈≈≈≈≈
≈≈≈≈~~~~~~~~~~~~~~.~~≈≈≈≈≈≈≈≈
≈≈≈≈≈~~~~~~~~~~~~~~~≈≈≈≈≈≈≈≈≈


You could see Polyphemus, 2 death yaks, a catoblepas and a merfolk (strong).

Vanquished Creatures
  Nikola (Snake:4)
  Mlioglotl (Shoals:1)
  The ghost of MrSquiggles the Stickfighter, an adept DrGl of Fedhas (Snake:4)
  A kraken (Shoals:2)
  Agnes (Snake:2)
  Donald (Snake:3)
  8 nagarajas
  Ilsuiw (Shoals:2)
  The ghost of Dutenacs the Marksminotaur, a journeyman MiBe of Trog (Orc:2)
  A stone giant (Volcano)
  Azrael (Snake:1)
  2 minotaurs
  2 merfolk javelineers
  3 merfolk impalers (Orc:2)
  Josephine (Shoals:1)
  A blizzard demon (Gauntlet)
  Harold (Orc:1)
  4 hydras
  2 catoblepae
  A salamander tyrant (Snake:3)
  13 anacondas
  2 merfolk avatars
  A satyr (Shoals:2)
  3 centaur warriors
  3 tengu warriors (Orc:2)
  5 two-headed ogres
  2 boulder beetles
  Erica (D:10)
  2 death yaks
  11 naga warriors
  9 shock serpents
  An orc high priest (Orc:2)
  14 naga sharpshooters
  A soul eater (Gauntlet)
  9 sea snakes
  3 skysharks
  3 skeletal warriors (D:13)
  An obsidian statue (Volcano)
  A wizard (D:14)
  8 harpies
  4 naga ritualists
  11 orc knights
  A deep elf pyromancer (D:12)
  8 ugly things
  13 mana vipers
  3 fauns (Shoals:2)
  2 cyclopes
  4 centaur zombies (D:10)
  2 merfolk sirens (Shoals:2)
  Maurice (D:11)
  4 manticores
  20 naga magi
  9 salamanders
  2 elephants
  A gargoyle (Volcano)
  7 slime creatures
  34 black mambas
  10 cane toads
  A torpor snail (Lair:5)
  9 guardian serpents
  2 efreet
  An unseen horror zombie (D:10)
  7 rime drakes
  5 komodo dragons
  8 trolls
  A meliai (shapeshifter) (D:14)
  6 merfolk
  4 polar bears
  A tarantella (shapeshifter) (D:13)
  2 wind drakes
  3 hornets
  16 blink frogs
  8 dream sheep
  4 snapping turtles
  A meliai zombie (D:10)
  2 vampires (D:10)
  A shadow (D:10)
  A water elemental (Shoals:1)
  Sigmund (D:2)
  6 wyverns
  9 wraiths
  3 basilisks
  A ynoxinul (Gauntlet)
  3 fire elementals
  5 steam dragons
  6 fire bats (Volcano)
  Grum (D:11)
  3 vampire mosquitoes (D:13)
  44 yaks
  10 wargs (Orc:2)
  41 nagas
  15 water moccasins
  4 hell hounds (Snake:1)
  31 orc warriors
  An ice beast (D:8)
  A black bear (D:9)
  13 wolves
  6 ogres
  3 centaurs
  A phantom (D:6)
  10 bullfrogs
  A kobold brigand (D:7)
  7 necrophages (Lair:2)
  2 scorpions (D:4)
  11 wights
  11 killer bees
  3 howler monkeys
  4 electric eels
  6 lava snakes (Volcano)
  6 crimson imps (D:8)
  4 hounds
  5 jellies
  A gnoll bouda (Lair:5)
  11 orc priests
  3 iron imps (Gauntlet)
  Jessica (D:2)
  3 iguanas (D:5)
  25 orc wizards
  Natasha (thrice) (D:3)
  A howler monkey zombie (D:10)
  5 gnolls
  8 adders
  4 shadow imps
  5 white imps
  An ufetubus (D:4)
  2 worms (D:4)
  5 dart slugs
  102 orcs
  6 bats
  13 endoplasms
  4 giant cockroaches (D:1)
  5 goblins
  7 hobgoblins
  6 jackals (D:2)
  A quokka (D:1)
  9 ball pythons
  8 frilled lizards
  10 kobolds
  3 rats
  6 tentacles (Shoals:2)
883 creatures vanquished.

Vanquished Creatures (others)
  2 naga magi (Snake:4)
  A naga (Snake:4)
  2 orc wizards (Orc:2)
  13 fungi
  36 plants
  2 tentacles (Shoals:2)
  7 withered plants
63 creatures vanquished.

Grand Total: 946 creatures vanquished

Notes
Turn   | Place    | Note
-------+----------+-------------------------------------------
     0 | D:1      | hwolsky the Deep Elf Earth Elementalist began the quest for
                  | the Orb.
     0 | D:1      | Reached XP level 1. HP: 10/10 MP: 6/6
     1 | D:1      | Entered explore mode.
   100 | D:1      | Reached XP level 2. HP: 15/15 MP: 5/8
   142 | D:1      | Slain by an endoplasm (2 damage)
   145 | D:1      | Slain by a goblin
                  | ... wielding a +2 dagger of speed
                  | (3 damage)
   152 | D:1      | Slain by a goblin
                  | ... wielding a +2 dagger of speed
                  | (2 damage)
   157 | D:1      | Slain by a giant cockroach (2 damage)
   241 | D:1      | Reached XP level 3. HP: 19/19 MP: 7/9
   616 | D:2      | Noticed Jessica
   619 | D:2      | Killed Jessica
   620 | D:2      | Reached XP level 4. HP: 24/24 MP: 7/11
   717 | D:2      | Found Kygeg's Weapon Emporium.
  1309 | D:2      | Noticed Sigmund
  1311 | D:2      | Killed Sigmund
  1312 | D:2      | Reached skill level 4 in Spellcasting
  1312 | D:2      | Reached XP level 5. HP: 25/28 MP: 9/13
  1569 | D:3      | Noticed Natasha
  1581 | D:3      | Killed from afar by Natasha (7 damage)
                  | ... with a magic dart
  1582 | D:3      | Killed Natasha
  1583 | D:3      | Reached XP level 6. HP: 32/32 MP: 12/14
  1604 | D:3      | Reached skill level 5 in Earth Magic
  1609 | D:3      | Learned a level 3 spell: Stone Arrow
  1664 | D:3      | Noticed Natasha
  1666 | D:3      | Killed Natasha
  2083 | D:3      | Found a faded altar of an unknown god.
  2224 | D:3      | Noticed Natasha
  2229 | D:3      | Killed Natasha
  2570 | D:4      | Found a sacrificial altar of Ru.
  2670 | D:4      | Reached XP level 7. HP: 24/36 MP: 13/16
  2678 | D:4      | Reached skill level 5 in Spellcasting
  3046 | D:4      | Learned a level 2 spell: Passwall
  3051 | D:4      | Learned a level 4 spell: Petrify
  3076 | D:4      | Reached skill level 5 in Stealth
  3396 | D:5      | Entered Level 5 of the Dungeon
  3835 | D:5      | Reached skill level 5 in Dodging
  3847 | D:5      | Slain by a hound (5 damage)
  3875 | D:5      | Killed from afar by an orc wizard (5 damage)
                  | ... with a puff of flame
  4081 | D:5      | Reached XP level 8. HP: 29/41 MP: 13/18
  4827 | D:6      | Reached skill level 6 in Spellcasting
  5262 | D:6      | Learned a level 3 spell: Ignite Poison
  5680 | D:7      | Reached skill level 5 in Transmutations
  5742 | D:7      | Slain by an orc
                  | ... wielding a +0 flail
                  | (4 damage)
  5757 | D:7      | Reached XP level 9. HP: 45/45 MP: 5/21
  5839 | D:7      | Reached skill level 7 in Spellcasting
  6019 | D:7      | Found a staircase to the Ecumenical Temple.
  6223 | D:7      | HP: 1/45 [orc wizard/+0 dagger (3)]
  6497 | Temple   | Entered the Ecumenical Temple
  6862 | Temple   | Became a worshipper of Vehumet
  7087 | D:8      | Slain by a yak (14 damage)
  7098 | D:8      | Mangled by a yak (14 damage)
  7107 | D:8      | HP: 2/45 [yak (10)]
  7107 | D:8      | Mangled by a yak (15 damage)
  7115 | D:8      | Slain by a yak (5 damage)
  7118 | D:8      | HP: 2/45 [yak (2)]
  7119 | D:8      | Slain by a yak (3 damage)
  7125 | D:8      | Slain by a yak (13 damage)
  7127 | D:8      | Slain by a yak (12 damage)
  7132 | D:8      | Slain by a yak (10 damage)
  7138 | D:8      | HP: 2/45 [yak (17)]
  7138 | D:8      | Mangled by a yak (9 damage)
  7142 | D:8      | Reached skill level 8 in Spellcasting
  7260 | D:8      | Reached * piety under Vehumet
  7260 | D:8      | Offered knowledge of Kiss of Death by Vehumet.
  7439 | D:8      | Found Mydupn's Merry Market.
  7489 | D:8      | Found a shimmering blue altar of Sif Muna.
  7492 | D:8      | Fell from the grace of Vehumet
  7492 | D:8      | Became a worshipper of Sif Muna the Loreminder
  7847 | D:8      | Reached XP level 10. HP: 50/50 MP: 18/24
  7920 | D:8      | Slain by a wight
                  | ... wielding a +4 scimitar
                  | (6 damage)
  7924 | D:8      | Mangled by a wight
                  | ... wielding a +4 scimitar
                  | (16 damage)
  7925 | D:8      | HP: 1/35 [wight/+4 scimitar (1)]
  7926 | D:8      | Demolished by a wight
                  | ... wielding a +5 halberd
                  | (16 damage)
  7927 | D:8      | Mangled by a wight
                  | ... wielding a +4 scimitar
                  | (12 damage)
  7930 | D:8      | Slain by a wight
                  | ... wielding a +5 halberd
                  | (6 damage)
  7933 | D:8      | Slain by a wight
                  | ... wielding a +3 mace
                  | (12 damage)
  7936 | D:8      | Mangled by a wight
                  | ... wielding a +4 scimitar
                  | (12 damage)
  7942 | D:8      | Reached skill level 10 in Earth Magic
  8184 | D:9      | Noticed a two-headed ogre
  8193 | D:9      | Killed a two-headed ogre
  8235 | D:9      | Reached * piety under Sif Muna
  8591 | D:9      | Found a staircase to the Lair.
  8591 | D:9      | Noticed an elephant
  8593 | D:9      | Noticed a two-headed ogre
  8600 | D:9      | Killed an elephant
  8601 | D:9      | Reached skill level 9 in Spellcasting
  8605 | D:9      | Killed by a bolt of energy (40 damage)
                  | ... invoked by the wrath of Vehumet
  8607 | D:9      | Reached skill level 1 in Air Magic
  8618 | D:9      | Slain by a basilisk (6 damage)
                  | ... while petrified by a basilisk
  8631 | D:9      | Slain by a yak (10 damage)
  8639 | D:9      | Annihilated by a two-headed ogre
                  | ... wielding a +0 giant club
                  | (30 damage)
  8641 | D:9      | Mangled by a two-headed ogre
                  | ... wielding a +0 giant club
                  | (25 damage)
  8644 | D:9      | HP: 2/50 [yak (15)]
  8645 | D:9      | Mangled by a yak (9 damage)
  8647 | D:9      | Slain by a yak (11 damage)
  8648 | D:9      | Killed a two-headed ogre
  8777 | D:9      | Reached skill level 10 in Spellcasting
  8861 | D:9      | Reached skill level 1 in Invocations
  9045 | D:10     | Entered Level 10 of the Dungeon
  9045 | D:10     | Noticed Erica
  9054 | D:10     | Killed from afar by Erica (33 damage)
                  | ... with a lance of force
  9062 | D:10     | Slain by a centaur warrior zombie (4 damage)
  9065 | D:10     | HP: 2/50 [centaur warrior zombie (1)]
  9065 | D:10     | Mangled by Erica
                  | ... wielding a +2 scimitar of flaming
                  | (15 damage)
  9070 | D:10     | HP: 2/50 [something (2)]
  9070 | D:10     | Mangled by a centaur warrior zombie (9 damage)
  9072 | D:10     | Killed from afar by Erica (20 damage)
                  | ... with a lance of force
  9073 | D:10     | Slain by a centaur warrior zombie (4 damage)
  9074 | D:10     | Slain by Erica
                  | ... wielding a +2 scimitar of flaming
                  | (8 damage)
  9077 | D:10     | Slain by a centaur warrior zombie (4 damage)
  9079 | D:10     | Mangled by Erica
                  | ... wielding a +2 scimitar of flaming
                  | (17 damage)
  9081 | D:10     | HP: 1/50 [Erica/+2 scimitar of flaming (11)]
  9081 | D:10     | Slain by Erica
                  | ... wielding a +2 scimitar of flaming
                  | (1 damage)
  9084 | D:10     | Killed from afar by Erica (25 damage)
                  | ... with a bolt of poison
  9085 | D:10     | Slain by a centaur warrior zombie (4 damage)
  9087 | D:10     | Killed from afar by Erica (20 damage)
                  | ... with a bolt of poison
  9090 | D:10     | Reached XP level 11. HP: 16/54 MP: 21/27
  9091 | D:10     | Mangled by Erica
                  | ... wielding a +2 scimitar of flaming
                  | (15 damage)
  9093 | D:10     | Killed Erica
  9141 | D:10     | HP: 2/54 [meliai zombie (1)]
  9142 | D:10     | Slain by a meliai zombie (2 damage)
  9446 | D:10     | Reached skill level 11 in Spellcasting
  9514 | D:10     | Reached ** piety under Sif Muna
  9740 | D:10     | Noticed a two-headed ogre
  9754 | D:10     | Killed a two-headed ogre
  9868 | D:10     | Slain by a yak (10 damage)
  9875 | D:10     | Mangled by a yak (15 damage)
  9877 | D:10     | Reached skill level 5 in Invocations
 10176 | D:10     | Noticed a death yak
 10184 | D:10     | Mangled by a death yak (18 damage)
 10185 | D:10     | Killed a death yak
 10186 | D:10     | Reached skill level 12 in Spellcasting
 10227 | D:10     | Identified a scroll of acquirement
 10227 | D:10     | Acquired 738 gold pieces
 10612 | D:10     | Found a staircase to the Orcish Mines.
 10697 | D:10     | Was forgiven by Vehumet
 10753 | D:10     | Found Dobazu's Weapon Shop.
 10854 | D:11     | Mangled by a troll (9 damage)
 11425 | D:11     | Noticed Maurice
 11432 | D:11     | Killed Maurice
 11556 | D:11     | Noticed a boulder beetle
 11568 | D:11     | Killed a boulder beetle
 11747 | D:11     | Noticed Grum
 11751 | D:11     | Reached skill level 10 in Dodging
 11753 | D:11     | Reached XP level 12. HP: 47/59 MP: 17/30
 11759 | D:11     | HP: 2/59 [Grum/+1 glaive (10)]
 11761 | D:11     | Annihilated by Grum
                  | ... wielding a +1 glaive
                  | (30 damage)
 11764 | D:11     | Killed Grum
 11784 | D:11     | Learned a level 6 spell: Iron Shot
 11940 | D:11     | Noticed a centaur warrior
 11946 | D:11     | Killed a centaur warrior
 12107 | D:12     | Noticed a boulder beetle
 12117 | D:12     | Killed a boulder beetle
 12118 | D:12     | Reached skill level 13 in Spellcasting
 12118 | D:12     | Reached skill level 1 in Conjurations
 12299 | D:12     | Noticed a two-headed ogre
 12305 | D:12     | Killed a two-headed ogre
 12852 | D:12     | HP: 1/59 [manticore (8)]
 12853 | D:12     | Mangled by a manticore (9 damage)
 13404 | D:13     | Mangled by a skeletal warrior
                  | ... wielding a +0 battleaxe
                  | (27 damage)
 13408 | D:13     | Demolished by a skeletal warrior
                  | ... wielding a +0 hand axe
                  | (28 damage)
 13418 | D:13     | Mangled by a skeletal warrior
                  | ... wielding a +0 short sword
                  | (24 damage)
 13426 | D:13     | Demolished by a skeletal warrior
                  | ... wielding a +0 short sword
                  | (23 damage)
 13429 | D:13     | Reached skill level 14 in Spellcasting
 13891 | D:13     | Noticed a centaur warrior
 13893 | D:13     | Shot with an arrow by a centaur warrior (22 damage)
 13900 | D:13     | Killed a centaur warrior
 13901 | D:13     | Slain by a red ugly thing (10 damage)
 13902 | D:13     | Reached *** piety under Sif Muna
 13903 | D:13     | Reached skill level 5 in Conjurations
 14551 | D:8      | Bought a book of Misfortune for 540 gold pieces
 14557 | D:8      | Learned a level 5 spell: Iskenderun's Battlesphere
 14840 | D:14     | Found a gate leading to a gauntlet.
 14862 | Gauntlet | Entered a Gauntlet
 14862 | Gauntlet | Found a transporter.
 14873 | Gauntlet | Found a transporter.
 14889 | Gauntlet | Found a transporter.
 14894 | Gauntlet | Found a transporter.
 14909 | Gauntlet | Found a transporter.
 14928 | Gauntlet | Found a transporter.
 14932 | Gauntlet | Noticed a blizzard demon
 14940 | Gauntlet | Found a transporter.
 14952 | Gauntlet | Found a transporter.
 14960 | Gauntlet | Noticed a balrug
 14964 | Gauntlet | Found a transporter.
 14976 | Gauntlet | Found a transporter.
 14977 | Gauntlet | Found the ring of the Mage {Wiz Archmagi}
 14978 | Gauntlet | Noticed a death yak
 14981 | Gauntlet | Noticed a death yak
 14985 | Gauntlet | Noticed a death yak
 14987 | Gauntlet | Noticed a death yak
 14993 | Gauntlet | Found a transporter.
 15011 | Gauntlet | Found a transporter.
 15013 | Gauntlet | Found a transporter.
 15015 | Gauntlet | Found a runed translucent gate.
 15015 | Gauntlet | Found a runed translucent gate.
 15015 | Gauntlet | Found a runed translucent gate.
 15022 | Gauntlet | Learned a level 5 spell: Freezing Cloud
 15022 | Gauntlet | Found a large runed translucent door.
 15022 | Gauntlet | Found a large runed translucent door.
 15022 | Gauntlet | Found a large runed translucent door.
 15023 | Gauntlet | Found a large runed translucent door.
 15029 | Gauntlet | Found a large runed translucent door.
 15029 | Gauntlet | Found a large runed translucent door.
 15030 | Gauntlet | Found a large runed translucent door.
 15030 | Gauntlet | Found a large runed translucent door.
 15035 | Gauntlet | Found a large runed translucent door.
 15035 | Gauntlet | Found a large runed translucent door.
 15035 | Gauntlet | Found a runed translucent door.
 15035 | Gauntlet | Found a runed translucent door.
 15036 | Gauntlet | Found a large runed translucent door.
 15037 | Gauntlet | Found a large runed translucent door.
 15047 | Gauntlet | Found a large runed translucent door.
 15047 | Gauntlet | Found a large runed translucent door.
 15048 | Gauntlet | Found a large runed translucent door.
 15049 | Gauntlet | Found a large runed translucent door.
 15051 | Gauntlet | Found a transporter.
 15053 | Gauntlet | Found a transporter.
 15055 | Gauntlet | Found a transporter.
 15083 | Gauntlet | Found a transporter.
 15087 | Gauntlet | Found a transporter.
 15228 | Gauntlet | Killed a blizzard demon
 15434 | Gauntlet | Identified the +7 rapier "Quqyic" {pain, rElec rC+ Str-3
                  | Dex+2}
 15434 | Gauntlet | Identified the ring "Ecin" {Will+ SInv}
 15434 | Gauntlet | Noticed a minotaur
 15441 | Gauntlet | Hit by a javelin thrown by a minotaur (30 damage)
 15444 | Gauntlet | Killed a minotaur
 15449 | Gauntlet | Found the -2 hat of the Alchemist {rElec rPois rF+ rC+ rN+
                  | Will+ rMut rCorr}
 15481 | Gauntlet | Got the Directory of Ointment
 15489 | Gauntlet | Identified the ring of Qiufauf {Fly Dex+3 Stlth+}
 15765 | D:14     | Reached XP level 13. HP: 63/63 MP: 17/33
 15881 | D:14     | Slain by a red ugly thing (11 damage)
 15884 | D:14     | Mangled by a red ugly thing (14 damage)
 15891 | D:14     | HP: 3/63 [white ugly thing (10)]
 15892 | D:14     | Reached skill level 15 in Spellcasting
 15892 | D:14     | Slain by a cyan ugly thing (4 damage)
 15895 | D:14     | Slain by a cyan ugly thing (11 damage)
 15904 | D:14     | Slain by a white ugly thing (14 damage)
 16255 | D:14     | Found a gate to the Vaults.
 16265 | D:14     | Mangled by a vault guard
                  | ... wielding a +0 great sword
                  | (21 damage)
 16267 | D:14     | Mangled by a vault guard
                  | ... wielding a +0 great sword
                  | (12 damage)
 16268 | D:14     | Mangled by a vault guard
                  | ... wielding a +0 great sword
                  | (19 damage)
 16270 | D:14     | Slain by a vault guard
                  | ... wielding a +0 great sword
                  | (18 damage)
 16273 | D:14     | Slain by a vault guard
                  | ... wielding a +0 war axe
                  | (8 damage)
 16276 | D:14     | HP: 1/63 [vault guard/+0 great sword (11)]
 16277 | D:14     | Annihilated by a vault guard
                  | ... wielding a +0 great sword
                  | (26 damage)
 16278 | D:14     | Mangled by a vault guard
                  | ... wielding a +0 great sword
                  | (27 damage)
 16280 | D:14     | Demolished by a vault guard
                  | ... wielding a +0 great sword
                  | (17 damage)
 16282 | D:14     | HP: 3/63 [vault guard/+0 great sword (13)]
 16283 | D:14     | Annihilated by a vault guard
                  | ... wielding a +0 great sword
                  | (30 damage)
 16567 | Lair:1   | Entered Level 1 of the Lair of Beasts
 17323 | Lair:2   | Slain by a wolf (6 damage)
 17758 | Lair:2   | Reached **** piety under Sif Muna
 17951 | Lair:2   | Found a staircase to the Shoals.
 17990 | Lair:2   | Found a staircase to the Snake Pit.
 18157 | Lair:2   | Found an opulent altar of Gozag.
 18640 | Lair:3   | Found a dark tunnel.
 18648 | Volcano  | Entered a volcano
 18829 | Volcano  | Reached skill level 16 in Spellcasting
 18829 | Volcano  | HP: 1/63 [gargoyle/stone arrow (18)]
 18830 | Volcano  | Noticed a stone giant
 18831 | Volcano  | Reached skill level 1 in Staves
 18831 | Volcano  | Slain by a gargoyle
                  | ... wielding a +1 heavy mace
                  | (4 damage)
 18840 | Volcano  | Annihilated by a stone giant (40 damage)
 18847 | Volcano  | Mangled by a stone giant (33 damage)
 18851 | Volcano  | Annihilated by a stone giant (39 damage)
 18852 | Volcano  | Killed a stone giant
 18858 | Volcano  | Found a radiant altar of Vehumet.
 19866 | Lair:3   | Learned a level 5 spell: Yara's Violent Unravelling
 19931 | Lair:3   | Learned a level 5 spell: Irradiate
 19984 | Lair:4   | Slain by a yak (9 damage)
 20722 | Lair:4   | Reached ***** piety under Sif Muna
 20723 | Lair:4   | Reached XP level 14. HP: 68/68 MP: 30/36
 21173 | Lair:5   | Entered Level 5 of the Lair of Beasts
 21180 | Lair:5   | Demolished by a skyshark (25 damage)
 21182 | Lair:5   | Mangled by a skyshark (24 damage)
 21185 | Lair:5   | Slain by a yak (6 damage)
                  | ... led by a torpor snail
 21186 | Lair:5   | Slain by a torpor snail (19 damage)
 21190 | Lair:5   | HP: 3/68 [skyshark (6)]
 21190 | Lair:5   | HP: 1/68 [skyshark (2)]
 21190 | Lair:5   | Slain by a skyshark (3 damage)
 21505 | Lair:5   | Found a white marble altar of Elyvilon.
 21652 | Lair:5   | Mangled by a manticore (16 damage)
 21657 | Lair:5   | Slain by a manticore (8 damage)
 21660 | Lair:5   | Reached skill level 17 in Spellcasting
 21678 | Lair:5   | Found the +7 captain's cutlass {speed, disarm}
 21684 | Lair:5   | HP: 2/68 [poisoned by a cane toad]
 21685 | Lair:5   | Succumbed to a cane toad's poison
 21692 | Lair:5   | Slain by a snapping turtle (15 damage)
 21696 | Lair:5   | Slain by a catoblepas (17 damage)
 21705 | Lair:5   | Slain by a catoblepas (4 damage)
                  | ... while petrified by a catoblepas
 21714 | Lair:5   | Reached skill level 10 in Conjurations
 21715 | Lair:5   | HP: 1/68 [snapping turtle (7)]
 21716 | Lair:5   | Slain by a snapping turtle (3 damage)
                  | ... while petrified
 21914 | Lair:5   | Received a gift from Sif Muna
 21915 | Lair:5   | Got Sif Muna's Spellbook of Bad Luck and the Singularity
                  | {god gift}
 21929 | Lair:5   | Demolished by a snapping turtle (27 damage)
 21940 | Lair:5   | Slain by a snapping turtle (9 damage)
 22012 | Lair:5   | Found a staircase to the Slime Pits.
 23123 | Orc:1    | Entered Level 1 of the Orcish Mines
 23358 | Orc:1    | Noticed Harold
 23371 | Orc:1    | Killed Harold
 23617 | Orc:1    | Learned a level 5 spell: Arcjolt
 23673 | Orc:2    | Entered Level 2 of the Orcish Mines
 23673 | Orc:2    | Found a staircase to the Elven Halls.
 24069 | Orc:2    | Received a gift from Sif Muna
 24070 | Orc:2    | Got Sif Muna's Precepts of the Crevasse and Geology {god
                  | gift}
 24097 | Orc:2    | Slain by an orc warrior
                  | ... wielding a +0 scimitar
                  | (14 damage)
 24117 | Orc:2    | HP: 1/68 [orc knight/+0 war axe (16)]
 24118 | Orc:2    | Demolished by an orc knight
                  | ... wielding a +0 war axe
                  | (17 damage)
 24123 | Orc:2    | Slain by an orc knight
                  | ... wielding a +0 war axe
                  | (19 damage)
 24296 | Orc:2    | Found Guoja's Assorted Antiques.
 24301 | Orc:2    | Found Resi's Antique Armour Shoppe.
 24305 | Orc:2    | HP: 1/68 [orc warrior/+0 battleaxe (12)]
 24305 | Orc:2    | Demolished by an orc knight
                  | ... wielding a +0 long sword
                  | (16 damage)
 24310 | Orc:2    | Demolished by an orc knight
                  | ... wielding a +2 great sword
                  | (23 damage)
 24314 | Orc:2    | Demolished by an orc knight
                  | ... wielding a +0 long sword
                  | (20 damage)
 24320 | Orc:2    | HP: 2/68 [orc knight/+0 long sword (9)]
 24321 | Orc:2    | Slain by an orc knight
                  | ... wielding a +0 long sword
                  | (6 damage)
 24325 | Orc:2    | Mangled by an orc knight
                  | ... wielding a +0 long sword
                  | (21 damage)
 24327 | Orc:2    | Demolished by an orc knight
                  | ... wielding a +2 great sword
                  | (21 damage)
 24329 | Orc:2    | Slain by an orc warrior
                  | ... wielding a +0 dire flail
                  | (18 damage)
 24330 | Orc:2    | Demolished by an orc knight
                  | ... wielding a +2 great sword
                  | (27 damage)
 24332 | Orc:2    | Mangled by an orc knight
                  | ... wielding a +2 great sword
                  | (32 damage)
 24337 | Orc:2    | Demolished by an orc knight
                  | ... wielding a +2 great sword
                  | (20 damage)
 24340 | Orc:2    | Mangled by an orc knight
                  | ... wielding a +2 great sword
                  | (16 damage)
 24342 | Orc:2    | Demolished by an orc knight
                  | ... wielding a +0 long sword
                  | (26 damage)
 24345 | Orc:2    | Demolished by an orc knight
                  | ... wielding a +0 halberd
                  | (24 damage)
 24346 | Orc:2    | Slain by an orc knight
                  | ... wielding a +0 halberd
                  | (18 damage)
 24348 | Orc:2    | Slain by an orc warrior
                  | ... wielding a +0 trident
                  | (11 damage)
 24350 | Orc:2    | HP: 3/68 [orc knight/+2 great sword (4)]
 24350 | Orc:2    | Slain by an orc knight
                  | ... wielding a +0 halberd
                  | (7 damage)
 24353 | Orc:2    | Annihilated by an orc warrior
                  | ... wielding a +0 glaive
                  | (31 damage)
 24355 | Orc:2    | Demolished by an orc knight
                  | ... wielding a +0 long sword
                  | (36 damage)
 24357 | Orc:2    | Slain by an orc warrior
                  | ... wielding a +0 trident
                  | (11 damage)
 24360 | Orc:2    | HP: 3/68 [orc knight/+2 great sword (24)]
 24360 | Orc:2    | Mangled by an orc knight
                  | ... wielding a +0 halberd
                  | (13 damage)
 24363 | Orc:2    | Annihilated by an orc warrior
                  | ... wielding a +0 battleaxe
                  | (28 damage)
 24365 | Orc:2    | Demolished by an orc knight
                  | ... wielding a +2 great sword
                  | (24 damage)
 24367 | Orc:2    | Slain by an orc knight
                  | ... wielding a +2 great sword
                  | (20 damage)
 24369 | Orc:2    | HP: 1/68 [orc knight/+0 long sword (12)]
 24369 | Orc:2    | Annihilated by an orc knight
                  | ... wielding a +0 halberd
                  | (32 damage)
 24372 | Orc:2    | Slain by an orc knight
                  | ... wielding a +0 halberd
                  | (29 damage)
 24374 | Orc:2    | HP: 3/68 [orc warrior/+0 trident (11)]
 24375 | Orc:2    | Mangled by an orc knight
                  | ... wielding a +0 long sword
                  | (14 damage)
 24376 | Orc:2    | Annihilated by an orc knight
                  | ... wielding a +2 great sword
                  | (27 damage)
 24377 | Orc:2    | Slain by an orc warrior
                  | ... wielding a +0 trident
                  | (3 damage)
 24379 | Orc:2    | HP: 1/68 [orc knight/+2 great sword (15)]
 24379 | Orc:2    | Demolished by an orc warrior
                  | ... wielding a +0 glaive
                  | (16 damage)
 24380 | Orc:2    | Mangled by an orc warrior
                  | ... wielding a +0 glaive
                  | (20 damage)
 24382 | Orc:2    | Demolished by an orc knight
                  | ... wielding a +2 great sword
                  | (26 damage)
 24384 | Orc:2    | Slain by an orc knight
                  | ... wielding a +0 halberd
                  | (23 damage)
 24385 | Orc:2    | Annihilated by an orc knight
                  | ... wielding a +2 great sword
                  | (38 damage)
 24388 | Orc:2    | Reached skill level 18 in Spellcasting
 24395 | Orc:2    | HP: 2/68 [warg (8)]
 24614 | Orc:2    | Bought a blackened brass amulet for 170 gold pieces
 24974 | Orc:2    | Found a runed translucent gate.
 24974 | Orc:2    | Found a runed translucent gate.
 24974 | Orc:2    | Found a runed translucent gate.
 24975 | Orc:2    | Found an iron altar of Okawaru.
 24975 | Orc:2    | Noticed Dutenacs's ghost (journeyman MiBe)
 25123 | Orc:2    | Found Kuseil's Armour Shoppe.
 25125 | Orc:2    | Found Ziedeu Remugg's Distillery.
 25134 | Orc:2    | Slain by an orc knight
                  | ... wielding a +0 war axe
                  | (15 damage)
 25140 | Orc:2    | Slain by an orc knight
                  | ... wielding a +0 war axe
                  | (38 damage)
 25143 | Orc:2    | HP: 3/68 [orc knight/+3 great sword of holy wrath (33)]
 25144 | Orc:2    | Annihilated by an orc knight
                  | ... wielding a +3 great sword of holy wrath
                  | (32 damage)
 25148 | Orc:2    | Mangled by an orc knight
                  | ... wielding a +0 great sword
                  | (17 damage)
 25154 | Orc:2    | Mangled by an orc knight
                  | ... wielding a +0 war axe
                  | (18 damage)
 25156 | Orc:2    | Demolished by an orc knight
                  | ... wielding a +0 war axe
                  | (22 damage)
 25162 | Orc:2    | Demolished by an orc knight
                  | ... wielding a +0 war axe
                  | (18 damage)
 25532 | Orc:2    | HP: 1/68 [merfolk impaler/+0 trident of venom (18)]
 25532 | Orc:2    | Demolished by a minotaur (19 damage)
 25533 | Orc:2    | Slain by a minotaur (11 damage)
 25534 | Orc:2    | Received a gift from Sif Muna
 25535 | Orc:2    | Reached XP level 15. HP: 46/72 MP: 20/39
 25535 | Orc:2    | Killed Dutenacs's ghost
 25536 | Orc:2    | Slain by a merfolk impaler
                  | ... wielding a +1 demon trident of
                  | electrocution
                  | (16 damage)
 25554 | Orc:2    | Identified the -1 cloak of the Original Sin {Rampage}
 25556 | Orc:2    | Identified the +7 longbow of the Bequeathed God {heavy,
                  | rCorr}
 25913 | Snake:1  | Entered Level 1 of the Snake Pit
 25916 | Snake:1  | Noticed Azrael
 25921 | Snake:1  | Killed Azrael
 25941 | Snake:1  | Found Otagguty's Armour Emporium.
 25946 | Snake:1  | Found Niemuap's Assorted Antiques.
 25983 | Snake:1  | Found a flickering gateway to a bazaar.
 25998 | Bazaar   | Entered a bazaar
 26149 | Bazaar   | Found Olieluz's Magic Scroll Shop.
 26163 | Bazaar   | Found Kyjay's Armour Boutique.
 26179 | Bazaar   | Found Feuner's General Store.
 26192 | Bazaar   | Found Xiobiebi's Armour Boutique.
 26206 | Bazaar   | Found Sacral's Armour Shop.
 26221 | Bazaar   | Found Teunill's Weapon Boutique.
 26238 | Bazaar   | Found Foisy's Assorted Antiques.
 26372 | Bazaar   | Bought a +0 buckler for 49 gold pieces
 26506 | Snake:1  | Found a shimmering blue altar of Sif Muna.
 26589 | Snake:1  | Reached skill level 19 in Spellcasting
 26761 | Snake:1  | Shot with a bolt by a naga sharpshooter (26 damage)
 26774 | Snake:1  | Shot with a bolt by a naga sharpshooter (14 damage)
 26977 | Snake:1  | Reached XP level 16. HP: 76/76 MP: 41/41
 27100 | Snake:1  | HP: 1/76 [poisoned by a black mamba]
 27100 | Snake:1  | Demolished by a naga
                  | ... wielding a +0 glaive
                  | (19 damage)
 27104 | Snake:1  | Mangled by a black mamba (14 damage)
 27207 | Snake:1  | Identified the +1 robe "Raugan" {Rampage rC+}
 27257 | Snake:1  | Received a gift from Sif Muna
 27258 | Snake:1  | Got Sif Muna's Cyclopedia of Overhead Hoarfrost {god gift}
 27812 | Snake:2  | Learned a level 9 spell: Chain Lightning
 27843 | Snake:2  | Shot with an arrow by a naga sharpshooter (26 damage)
 27848 | Snake:2  | Shot with an arrow by a naga sharpshooter (24 damage)
 27856 | Snake:2  | Shot with an arrow by a naga sharpshooter (24 damage)
 27864 | Snake:2  | HP: 3/76 [naga sharpshooter/arrow (13)]
 27865 | Snake:2  | Shot with an arrow by a naga sharpshooter (14 damage)
 28150 | Snake:2  | Noticed Agnes
 28158 | Snake:2  | Killed Agnes
 28528 | Snake:3  | Reached skill level 20 in Spellcasting
 28543 | Snake:3  | Noticed Donald
 28546 | Snake:3  | Slain by Donald
                  | ... wielding a +1 long sword of holy wrath
                  | (13 damage)
 28552 | Snake:3  | Annihilated by Donald
                  | ... wielding a +1 long sword of holy wrath
                  | (38 damage)
 28554 | Snake:3  | Slain by Donald
                  | ... wielding a +1 long sword of holy wrath
                  | (47 damage)
 28558 | Snake:3  | Annihilated by Donald
                  | ... wielding a +1 long sword of holy wrath
                  | (29 damage)
 28564 | Snake:3  | Demolished by Donald
                  | ... wielding a +1 long sword of holy wrath
                  | (26 damage)
 28569 | Snake:3  | Annihilated by Donald
                  | ... wielding a +1 long sword of holy wrath
                  | (33 damage)
 28573 | Snake:3  | Slain by Donald
                  | ... wielding a +1 long sword of holy wrath
                  | (18 damage)
 28575 | Snake:3  | Mangled by Donald
                  | ... wielding a +1 long sword of holy wrath
                  | (30 damage)
 28579 | Snake:3  | Killed Donald
 28583 | Snake:3  | Slain by a black mamba (8 damage)
 28598 | Snake:3  | Slain by a black mamba (12 damage)
 28770 | Snake:3  | Slain by a naga mage
                  | ... wielding a +0 club
                  | (8 damage)
 28912 | Snake:3  | Reached skill level 5 in Air Magic
 28927 | Snake:3  | Mangled by an anaconda (13 damage)
 28942 | Snake:3  | HP: 1/76 [shock serpent/bolt of electricity (8)]
 28943 | Snake:3  | Killed from afar by a shock serpent (6 damage)
                  | ... with an electric aura
 29124 | Snake:3  | Reached XP level 17. HP: 73/80 MP: 20/43
 29135 | Snake:3  | HP: 2/80 [poisoned by a black mamba]
 29135 | Snake:3  | Shot with an arrow by a naga sharpshooter (11 damage)
 29138 | Snake:3  | Slain by a black mamba (12 damage)
                  | ... led by a naga ritualist
 29153 | Snake:3  | Shot with an arrow by a naga sharpshooter (27 damage)
 29157 | Snake:3  | HP: 3/80 [naga sharpshooter/splash of poison (3)]
 29157 | Snake:3  | Slain by a naga ritualist
                  | ... wielding a +0 war axe
                  | (8 damage)
 29169 | Snake:3  | HP: 4/80 [naga ritualist/Olgreb's Toxic Radiance (1)]
 29169 | Snake:3  | Constricted to death by a naga ritualist (4 damage)
 29174 | Snake:3  | Shot with a bolt by a naga sharpshooter (15 damage)
 29178 | Snake:3  | Shot with a bolt by a naga sharpshooter (23 damage)
 29181 | Snake:3  | HP: 3/80 [constriction (3)]
 29182 | Snake:3  | Succumbed to a naga sharpshooter's splash of poison
 29186 | Snake:3  | Mangled by a naga sharpshooter
                  | ... wielding a +0 glaive
                  | (14 damage)
 29471 | Snake:4  | Entered Level 4 of the Snake Pit
 29473 | Snake:4  | Found a transporter.
 29476 | Snake:4  | Noticed MrSquiggles's ghost (adept DrGl)
 29492 | Snake:4  | Noticed Nikola
 29505 | Snake:4  | Killed Nikola
 29511 | Snake:4  | HP: 3/80 [salamander/+2 trident (13)]
 29511 | Snake:4  | Slain by a salamander
                  | ... wielding a +2 trident
                  | (3 damage)
 29514 | Snake:4  | Mangled by a naga warrior
                  | ... wielding a +0 war axe
                  | (22 damage)
 29516 | Snake:4  | Reached skill level 21 in Spellcasting
 29521 | Snake:4  | HP: 2/80 [shock serpent (14)]
 29521 | Snake:4  | Slain by a shock serpent (4 damage)
 29538 | Snake:4  | Slain by a naga warrior
                  | ... wielding a +2 glaive of flaming
                  | (31 damage)
 29548 | Snake:4  | HP: 2/80 [naga warrior/+2 glaive of flaming (17)]
 29548 | Snake:4  | Slain by a naga warrior
                  | ... wielding a +2 glaive of flaming
                  | (3 damage)
 29557 | Snake:4  | HP: 2/80 [anaconda (6)]
 29558 | Snake:4  | Constricted to death by an anaconda (4 damage)
 29562 | Snake:4  | HP: 4/80 [anaconda (7)]
 29563 | Snake:4  | HP: 1/80 [constriction (2)]
 29563 | Snake:4  | Slain by an anaconda (4 damage)
 29567 | Snake:4  | Slain by an anaconda (9 damage)
 29572 | Snake:4  | Mangled by an anaconda (11 damage)
 29574 | Snake:4  | Received a gift from Sif Muna
 29575 | Snake:4  | Got Sif Muna's Discourse on Inconstant Doom {god gift}
 29581 | Snake:4  | HP: 4/80 [poisoned by a nagaraja (bolt of poison)]
 29582 | Snake:4  | HP: 1/80 [poisoned by a naga (splash of poison)]
 29584 | Snake:4  | Succumbed to a naga's splash of poison
 29605 | Snake:4  | HP: 4/80 [naga ritualist/+0 mace of holy wrath (15)]
 29606 | Snake:4  | Engulfed by a cloud of freezing vapour (3 damage)
 29608 | Snake:4  | Slain by a naga mage
                  | ... wielding a +0 spear
                  | (18 damage)
 29610 | Snake:4  | Slain by a naga mage
                  | ... wielding a +0 flail
                  | (11 damage)
 29614 | Snake:4  | HP: 4/80 [poisoned by a naga ritualist (toxic radiance)]
 29614 | Snake:4  | Mangled by a naga mage
                  | ... wielding a +0 flail
                  | (11 damage)
 29615 | Snake:4  | Mangled by a naga mage
                  | ... wielding a +0 flail
                  | (16 damage)
 29616 | Snake:4  | Slain by a naga mage
                  | ... wielding a +0 spear
                  | (4 damage)
 29618 | Snake:4  | Slain by a naga mage
                  | ... wielding a +0 flail
                  | (8 damage)
 29619 | Snake:4  | Slain by a naga mage
                  | ... wielding a +0 flail
                  | (11 damage)
 29620 | Snake:4  | Gained mutation: You are weak. (Str -2) [you]
 29620 | Snake:4  | Slain by a nagaraja
                  | ... wielding a +0 whip
                  | (12 damage)
 29624 | Snake:4  | Mangled by a nagaraja
                  | ... wielding a +0 whip
                  | (15 damage)
 29626 | Snake:4  | HP: 4/80 [constriction (3)]
 29626 | Snake:4  | Killed from afar by a nagaraja (5 damage)
                  | ... with a splash of poison
 29628 | Snake:4  | Mangled by a naga warrior
                  | ... wielding a +0 scimitar
                  | (32 damage)
 29629 | Snake:4  | Slain by a guardian serpent (5 damage)
 29635 | Snake:4  | Killed from afar by a nagaraja (19 damage)
                  | ... with a poison arrow
 29637 | Snake:4  | HP: 4/80 [constriction (4)]
 29637 | Snake:4  | Demolished by a naga warrior
                  | ... wielding a +0 scimitar
                  | (24 damage)
 29640 | Snake:4  | Annihilated by a nagaraja
                  | ... wielding a +0 whip
                  | (29 damage)
 29642 | Snake:4  | HP: 4/80 [naga warrior/+0 scimitar (5)]
 29642 | Snake:4  | Mangled by a nagaraja
                  | ... wielding a +0 whip
                  | (10 damage)
 29655 | Snake:4  | Demolished by a naga
                  | ... wielding a +0 glaive
                  | (25 damage)
 29985 | Snake:4  | Identified the +7 mace of Womoddig {flame, rPois rCorr
                  | Dex-2}
 30021 | Snake:4  | HP: 4/80 [sea snake (17)]
 30022 | Snake:4  | Succumbed to a sea snake's poison
 30024 | Snake:4  | Succumbed to a nagaraja's bolt of poison
 30026 | Snake:4  | HP: 2/80 [poisoned by a nagaraja (bolt of poison)]
 30026 | Snake:4  | Killed from afar by a nagaraja (19 damage)
                  | ... with a poison arrow
 30030 | Snake:4  | Succumbed to a nagaraja's poison arrow
 30034 | Snake:4  | HP: 1/80 [nagaraja/+0 club (6)]
 30034 | Snake:4  | Constricted to death by a nagaraja (2 damage)
 30037 | Snake:4  | Slain by a naga sharpshooter
                  | ... wielding a +0 short sword
                  | (8 damage)
 30039 | Snake:4  | Shot with an arrow by a naga sharpshooter (19 damage)
 30042 | Snake:4  | Slain by a naga mage
                  | ... wielding a +0 halberd
                  | (6 damage)
 30043 | Snake:4  | HP: 3/80 [naga sharpshooter/arrow (15)]
 30043 | Snake:4  | Constricted to death by a naga (4 damage)
 30243 | Snake:4  | Got a serpentine rune of Zot
 30327 | Snake:4  | Found a runed translucent door.
 30511 | Snake:4  | Found a transporter.
 30598 | Snake:4  | Found Nuocia's Magic Scroll Shop.
 30605 | Snake:4  | Bought a scroll of acquirement for 936 gold pieces
 30605 | Snake:4  | Acquired 762 gold pieces
 30650 | Snake:4  | HP: 4/80 [shock serpent (5)]
 30650 | Snake:4  | Slain by a shock serpent (4 damage)
 30654 | Snake:4  | Reached skill level 22 in Spellcasting
 30655 | Snake:4  | Slain by a nagaraja
                  | ... wielding a +0 whip
                  | (8 damage)
 30661 | Snake:4  | Slain by a nagaraja
                  | ... wielding a +0 whip
                  | (6 damage)
 30665 | Snake:4  | Killed from afar by a nagaraja (21 damage)
                  | ... with a poison arrow
 30667 | Snake:4  | Slain by a black mamba (15 damage)
 30671 | Snake:4  | Shot with an arrow by a naga sharpshooter (20 damage)
 30678 | Snake:4  | Shot with an arrow by a naga sharpshooter (18 damage)
 30681 | Snake:4  | HP: 2/80 [naga sharpshooter/arrow (17)]
 30681 | Snake:4  | Shot with an arrow by a naga sharpshooter (16 damage)
 30687 | Snake:4  | HP: 4/80 [poisoned by a naga sharpshooter (splash of
                  | poison)]
 30687 | Snake:4  | Shot with an arrow by a naga sharpshooter (22 damage)
 30690 | Snake:4  | HP: 1/80 [naga sharpshooter/arrow (19)]
 30692 | Snake:4  | Mangled by a black mamba (11 damage)
 30694 | Snake:4  | Shot with an arrow by a naga sharpshooter (27 damage)
 30698 | Snake:4  | Shot with an arrow by a naga sharpshooter (22 damage)
 30703 | Snake:4  | HP: 3/80 [poisoned by a naga sharpshooter (splash of
                  | poison)]
 30704 | Snake:4  | Succumbed to a naga sharpshooter's splash of poison
 30709 | Snake:4  | Found the +1 cloak of Starlight {*Dazzle EV+4 Stlth--}
 30932 | Snake:4  | Killed MrSquiggles's ghost
 31385 | Shoals:1 | Entered Level 1 of the Shoals
 31487 | Shoals:1 | Noticed Mlioglotl
 31491 | Shoals:1 | Killed Mlioglotl
 31517 | Shoals:1 | Killed by the air
                  | ... invoked by a wind drake
                  | (18 damage)
 31977 | Shoals:1 | Noticed Josephine
 31985 | Shoals:1 | Killed Josephine
 31986 | Shoals:1 | Reached skill level 15 in Conjurations
 32366 | Shoals:2 | Noticed Ilsuiw
 32373 | Shoals:2 | Reached skill level 10 in Air Magic
 32373 | Shoals:2 | Reached XP level 18. HP: 8/85 MP: 25/46
 32373 | Shoals:2 | Slain by Ilsuiw
                  | ... wielding a +5 trident of freezing
                  | (12 damage)
 32380 | Shoals:2 | Shot with a sling bullet by a faun (11 damage)
 32383 | Shoals:2 | HP: 3/85 [water elemental[Ilsuiw] (8)]
 32384 | Shoals:2 | Demolished by a water elemental (19 damage)
                  | ... summoned by Ilsuiw
 32385 | Shoals:2 | Found a gateway to a bazaar.
 32388 | Shoals:2 | Mangled by Ilsuiw
                  | ... wielding a +5 trident of freezing
                  | (9 damage)
 32394 | Shoals:2 | HP: 2/85 [something (8)]
 32394 | Shoals:2 | Hit by a javelin thrown by a merfolk javelineer (16 damage)
                  | ... led by Ilsuiw
 32397 | Shoals:2 | Killed Ilsuiw
 32424 | Bazaar   | Entered a bazaar
 32622 | Bazaar   | Found Jow Ytot's Magic Scroll Emporium.
 32623 | Bazaar   | Found Gej Dou's Weapon Emporium.
 32662 | Bazaar   | Found Waf Hoel's Antique Armour Shoppe.
 32663 | Bazaar   | Found Nonametz's Book Shoppe.
 32698 | Bazaar   | Bought a dazzling helmet for 294 gold pieces
 32698 | Bazaar   | Identified the +0 helmet of the Minstrel {rF+} (You bought
                  | it in a shop in a bazaar)
 32720 | Bazaar   | Lost mutation: You are weak. (Str -2) [potion of mutation]
 32720 | Bazaar   | Gained mutation: You occasionally lose the ability to read
                  | scrolls when taking damage. [potion of mutation]
 32720 | Bazaar   | Gained mutation: You occasionally lose the ability to drink
                  | potions when taking damage. [potion of mutation]
 32720 | Bazaar   | Gained mutation: You are somewhat resistant to further
                  | mutation. [potion of mutation]
 32720 | Bazaar   | Gained mutation: You have a pair of small antennae on your
                  | head. [potion of mutation]
 32723 | Bazaar   | Lost mutation: You occasionally lose the ability to read
                  | scrolls when taking damage. [potion of mutation]
 32723 | Bazaar   | Lost mutation: You have a pair of small antennae on your
                  | head. [potion of mutation]
 32723 | Bazaar   | Lost mutation: You occasionally lose the ability to drink
                  | potions when taking damage. [potion of mutation]
 32723 | Bazaar   | Gained mutation: You are weak. (Str -2) [potion of
                  | mutation]
 32724 | Bazaar   | Lost mutation: You are weak. (Str -2) [potion of mutation]
 32724 | Bazaar   | Lost mutation: You are somewhat resistant to further
                  | mutation. [potion of mutation]
 32724 | Bazaar   | Gained mutation: You are covered in fur. (AC +1) [potion of
                  | mutation]
 32724 | Bazaar   | Gained mutation: You are robust. (+10% HP) [potion of
                  | mutation]
 32724 | Bazaar   | Gained mutation: You are very robust. (+20% HP) [potion of
                  | mutation]
 32871 | Shoals:2 | HP: 5/102 [tentacle[a kraken] (8)]
 32871 | Shoals:2 | Slain by a tentacle (9 damage)
                  | ... attached to a kraken
 32888 | Shoals:2 | Upgraded the game from 0.31-a0-1-g4198be8af4 to
                  | 0.31-a0-4-gefa6de2278
 32893 | Shoals:2 | HP: 2/102 [death yak[Polyphemus] (12)]
 32893 | Shoals:2 | Slain by a catoblepas (2 damage)
                  | ... led by Polyphemus
 32898 | Shoals:2 | Noticed Polyphemus
 32900 | Shoals:2 | Slain by a merfolk
                  | ... wielding a +2 trident of venom
                  | (11 damage)
                  | ... while petrified by a catoblepas
 32906 | Shoals:2 | HP: 1/102 [poisoned by a merfolk]
 32906 | Shoals:2 | Annihilated by a catoblepas (29 damage)
                  | ... led by Polyphemus
 32907 | Shoals:2 | Quit the game

Illustrated notes

Levels and vault maps discovered:
D:1:      psy_arrival_statuary, layout_rooms
D:2:      layout_loops_cross, serial_shops, nicolae_shop_bloodbath_and_beyond,
          minmay_fractal_squares_gapless_5, uniq_jessica, uniq_sigmund
D:3:      layout_loops_ring, hellmonk_ecumenical_altar_pennies_from_heaven,
          uniq_natasha
D:4:      layout_rooms, nicolae_ru_sacrificial_ziggurat
D:5:      layout_gridville
D:6:      nicolae_cairo_tiling_very_big, layout_gridville,
          ebering_dispersal_statue_hall
D:7:      layout_loops_ring, temple_green, water_boxes_lemuel
D:8:      layout_layer_cave, lemuel_doored_altar, nicolae_alphabet_shops,
          minmay_nine_imps
D:9:      layout_loops_cross, david_lair_generic, kennysheep_generic_room_8
D:10:     argonaut_augean_stables, layout_loops_ring, orc_0_dummy,
          serial_undead, serial_undead_c, serial_undead_d, serial_undead_c,
          serial_undead_c, serial_shops, nicolae_diamond_shop, uniq_erica
D:11:     layout_gridville, uniq_grum, uniq_maurice
D:12:     layout_irregular_city
D:13:     layout_stronghold
D:14:     layout_stronghold, erik_vaults_2, gauntlet_entry_generic,
          corexii_checkpoint_a, drop_trap
Temple:   mainiacjoe_temple_cubbyholes
Lair:1:   layout_long_grid
Lair:2:   layout_long_grid, minmay_shoals_entry_hut,
          guppyfry_snake_entry_island, basic_altar, roderic_carrion_pond
Lair:3:   layout_cave_shapes, lightli_volcano_entry_magma_tube,
          serial_bayou_lagoon_b, lemuel_fruit_tree
Lair:4:   layout_roguey
Lair:5:   gammafunk_lair_ancient_temple, layout_hall_layers,
          nicolae_slime_entry_field_trip, basic_altar, st_stairs_9,
          dreamdust_gnoll_shepherd
Shoals:1: layout_shoals, uniq_mlioglotl, uniq_josephine
Shoals:2: layout_shoals, serial_shops, bzr_entry_dummy,
          nicolae_shoals_kraken_party, uniq_polyphemus, uniq_ilsuiw
Snake:1:  layout_gridlike, basic_altar, serial_shops, bzr_entry_islet,
          nicolae_snake_omega, minmay_shop_star, uniq_azrael
Snake:2:  layout_grid_shapes, serial_bayou_shore_b, grunt_megastairs_5,
          uniq_agnes
Snake:3:  cheibrodos_forgotten_conduit, layout_rooms, drop_trap, uniq_donald
Snake:4:  grunt_snake_rune_pools, layout_onion_interference, serial_shops, shop,
          gammafunk_ghost_arena, lightli_airlock, uniq_nikola
Orc:1:    layout_caves, serial_shops, shop, minmay_orc_keep, uniq_harold
Orc:2:    st_orc_town, layout_diamond_mine, gammafunk_ghost_fury_of_okawaru,
          mines5_lemuel

Skill      XL: |  1  2  3  4  5  6  7  8  9 10 11 12 13 14 15 16 17 |
---------------+----------------------------------------------------+-----
Stealth        | 3 4 5 6 8 9 |  9.2
Dodging        | 3 4 5 6 7 8 10 11 12 | 12.9
Transmutations | 2 3 4 5 6 |  6.8
Earth Magic    | 4 5 6 8 9 10 11 12 13 14 | 14.8
Spellcasting   | 4 5 6 8 10 12 14 16 18 19 20 22 | 22.8
Air Magic      | 2 5 10 | 10.3
Invocations    | 2 6 7 |  7.0
Conjurations   | 6 9 11 12 13 15 | 15.1
Staves         | 2 4 |  4.2
Fire Magic     | 4 |  4.1
Ice Magic      | 4 |  4.1

Action                     |  1- 3 |  4- 6 |  7- 9 | 10-12 | 13-15 | 16-18 || total
---------------------------+-------+-------+-------+-------+-------+-------++-------
  Melee: Unarmed           |    16 |       |    32 |       |       |       ||    48
         Dagger            |    14 |     3 |       |       |       |       ||    17
         Short sword       |       |    24 |    78 |       |       |       ||   102
         Punch             |       |     1 |     3 |       |     2 |     1 ||     7
         Staff             |       |       |    43 |     7 |   252 |   189 ||   491
         Scimitar          |       |       |       |   108 |       |       ||   108
   Fire: Shortbow          |       |       |     2 |       |       |       ||     2
   Cast: Sandblast         |    38 |    49 |    93 |    16 |    18 |    34 ||   248
         Stone Arrow       |       |     8 |    81 |   267 |   511 |     4 ||   871
         Passwall          |       |       |     1 |       |       |     1 ||     2
         Petrify           |       |       |       |     8 |     5 |     1 ||    14
         Iron Shot         |       |       |       |    23 |    85 |   186 ||   294
         Iskenderun's Batt |       |       |       |     2 |     8 |     6 ||    16
         Freezing Cloud    |       |       |       |     1 |     2 |     3 ||     6
         Yara's Violent Un |       |       |       |       |    12 |     5 ||    17
         Arcjolt           |       |       |       |       |    19 |    54 ||    73
         Irradiate         |       |       |       |       |       |     2 ||     2
         Chain Lightning   |       |       |       |       |       |     3 ||     3
         Lehudib's Crystal |       |       |       |       |       |     1 ||     1
 Invoke: Channel Magic     |       |       |       |       |     2 |     3 ||     5
         Divine Exegesis   |       |       |       |       |       |     4 ||     4
  Evoke: Piece from Xom's  |       |       |       |       |       |     1 ||     1
    Use: Scroll            |     4 |     6 |     5 |     2 |    12 |     2 ||    31
         Potion            |       |       |     2 |     4 |     5 |     6 ||    17
   Stab: Distracted        |     1 |       |       |       |       |       ||     1
         Sleeping          |       |     1 |       |       |       |       ||     1
         Petrified         |       |       |       |     2 |       |       ||     2
 Armour: Robe              |    11 |       |    47 |    39 |   122 |   125 ||   344
  Dodge: Dodged            |    38 |    22 |   199 |   330 |   823 |   688 ||  2100
  Block: Buckler           |       |       |       |       |       |   102 ||   102
         Kite shield       |       |       |       |       |       |    12 ||    12

Table legend: (Time is in decaauts)
 A = Elapsed time spent in this place.
 B = Non-inter-level travel time spent in this place.
 C = Inter-level travel time spent in this place.
 D = Time resting spent in this place.
 E = Time spent auto-exploring this place.
 F = Levels seen in this place.
 G = Mean time per level.
                   A        B        C        D        E       F      G
               +--------+--------+--------+--------+--------+-----+--------+
         Total |  33288 |  31280 |   2008 |   1669 |  22646 |  32 | 1040.2 |
       Dungeon |  15690 |  14659 |   1031 |   1312 |  10564 |  14 | 1120.7 |
        Temple |    473 |    397 |     76 |      0 |    288 |   1 |  473.0 |
          Lair |   6358 |   5963 |    395 |      0 |   4945 |   5 | 1271.6 |
        Shoals |   1169 |   1149 |     20 |      0 |    857 |   2 |  584.5 |
     Snake Pit |   4737 |   4525 |    212 |      0 |   3360 |   4 | 1184.2 |
  Orcish Mines |   2887 |   2616 |    271 |    329 |   1584 |   2 | 1443.5 |
        Bazaar |    825 |    825 |      0 |      0 |    531 |   2 |  412.5 |
       Volcano |    419 |    419 |      0 |      7 |    200 |   1 |  419.0 |
      Gauntlet |    726 |    726 |      0 |     21 |    316 |   1 |  726.0 |
               +--------+--------+--------+--------+--------+-----+--------+

Top non-repeatable levels by time:
   Orc:2: 2288 daAuts
    D:10: 1926 daAuts
  Lair:5: 1913 daAuts
 Snake:4: 1591 daAuts
    D:13: 1588 daAuts
  Lair:2: 1345 daAuts
    D:11: 1337 daAuts
     D:8: 1230 daAuts
  Lair:4: 1227 daAuts
 Snake:1: 1215 daAuts
     D:7: 1150 daAuts
     D:5: 1133 daAuts
    D:12: 1123 daAuts
     D:4: 1120 daAuts
  Lair:3: 1014 daAuts
